[ AOE2 MATCH · #495774912 ]
UnrankedKhitans vs Chinese
Player's team · WIN
Rival team · LOSS
[ REPLAY ANALYSIS · EXTRACTED FROM THE RECORDED GAME ]
Feudal
10:56
Castle
14:34
Imperial
29:37
| APM avg | 49.3 |
| APM peak | 101 |
| eAPM avg | 26.6 |
| Villagers / military | 172 / 480 |
Focus
⚔️ 40.8% · 🌾 59.2%
Militia ×231 · Skirmisher ×163 · Cavalry Archer ×48 · Scout Cavalry ×23 · Trebuchet (Packed) ×12 · Monk ×3
Feudal
10:26
Castle
14:21
Imperial
28:11
| APM avg | 42.4 |
| APM peak | 134 |
| eAPM avg | 20.0 |
| Villagers / military | 155 / 435 |
Focus
⚔️ 39.3% · 🌾 60.7%
Fire Lancer ×219 · Chu Ko Nu ×118 · Scout Cavalry ×48 · Spearman ×25 · Militia ×15 · Trebuchet (Packed) ×10
Match map
Initial resources + every placement click. Lines = walls · curves = elevation contours. ◆ gold · ⬟ stone · ● berries · ✦ relic · ◌ wall gap
Your base· ✓ Closed at 14:34 · 0t walls · 4 gate(s)
JoJo_Baum's base· ✓ Closed at 14:21 · 10t walls · 2 gate(s)
Smoothed initial terrain · ◌ = detected wall gap · hover for details
Inputs per minute
— vuppE - - JoJo_Baum
Build order — vuppE
First 150 of 492 actions detected
| 0:01 | Queue | Villager (Male) ×4 |
| 0:02 | Build | House |
| 0:03 | Build | House |
| 1:24 | Queue | Villager (Male) |
| 1:25 | Queue | Villager (Male) |
| 2:00 | Queue | Villager (Male) |
| 2:06 | Build | Palisade Gate |
| 2:08 | Build | Palisade Gate |
| 2:13 | Build | Palisade Gate |
| 2:24 | Build | Palisade Gate |
| 2:28 | Queue | Villager (Male) |
| 2:48 | Queue | Villager (Male) |
| 3:04 | Queue | Villager (Male) |
| 3:05 | Queue | Villager (Male) |
| 3:28 | Build | House |
| 3:36 | Queue | Villager (Male) |
| 4:02 | Build | Lumber Camp |
| 4:05 | Queue | Villager (Male) |
| 4:27 | Queue | Villager (Male) |
| 4:40 | Build | House |
| 4:57 | Queue | Villager (Male) |
| 5:18 | Queue | Villager (Male) |
| 5:19 | Queue | Villager (Male) |
| 5:36 | Build | Mill |
| 5:42 | Queue | Villager (Male) |
| 5:42 | Queue | Villager (Male) |
| 6:10 | Queue | Villager (Male) |
| 6:42 | Queue | Villager (Male) |
| 7:19 | Queue | Villager (Male) |
| 7:49 | Queue | Villager (Male) |
| 8:20 | Queue | Villager (Male) |
| 8:30 | Build | Mining Camp |
| 8:38 | Research | Feudal Age |
| 9:09 | Build | Barracks |
| 9:43 | Build | House |
| 10:03 | Build | Pasture |
| 10:24 | Build | Pasture |
| 10:37 | Queue | Villager (Male) |
| 10:37 | Queue | Villager (Male) |
| 10:56 | Age | Feudal Age |
| 10:57 | Build | Stable |
| 11:03 | Build | Blacksmith |
| 11:39 | Build | Pasture |
| 11:54 | Research | Castle Age |
| 11:54 | Research | Castle Age |
| 12:14 | Build | Pasture |
| 12:28 | Research | Double-Bit Axe |
| 12:48 | Queue | Scout Cavalry |
| 12:56 | Build | Pasture |
| 13:02 | Build | House |
| 13:12 | Queue | Scout Cavalry |
| 13:38 | Research | Tech 1014 |
| 13:41 | Queue | Scout Cavalry |
| 14:07 | Queue | Villager (Male) |
| 14:34 | Age | Castle Age |
| 14:37 | Build | Monastery |
| 14:44 | Research | Bow Saw |
| 14:49 | Queue | Villager (Male) |
| 14:59 | Build | House |
| 15:08 | Research | Husbandry |
| 15:12 | Queue | Villager (Male) |
| 15:26 | Queue | Monk |
| 15:31 | Queue | Villager (Male) |
| 15:45 | Queue | Villager (Male) |
| 15:50 | Build | Town Center |
| 16:04 | Queue | Monk |
| 16:25 | Queue | Villager (Male) |
| 16:54 | Build | Town Center |
| 16:54 | Queue | Villager (Male) |
| 17:04 | Build | House |
| 17:16 | Queue | Villager (Male) |
| 17:16 | Queue | Villager (Male) |
| 17:16 | Queue | Villager (Male) |
| 17:24 | Queue | Monk |
| 17:40 | Build | Pasture |
| 17:43 | Queue | Villager (Male) |
| 17:46 | Queue | Villager (Male) |
| 17:46 | Queue | Villager (Male) |
| 17:51 | Build | Pasture |
| 18:02 | Queue | Villager (Male) |
| 18:02 | Queue | Villager (Male) |
| 18:17 | Build | House |
| 18:19 | Queue | Villager (Male) ×3 |
| 18:23 | Build | Pasture |
| 18:24 | Build | Pasture |
| 18:28 | Queue | Villager (Male) |
| 18:43 | Queue | Villager (Male) |
| 18:59 | Queue | Villager (Male) ×2 |
| 19:00 | Build | House |
| 19:16 | Queue | Villager (Male) |
| 19:16 | Queue | Villager (Male) |
| 19:16 | Queue | Villager (Male) |
| 19:17 | Build | House |
| 19:19 | Build | Pasture |
| 19:32 | Build | Pasture |
| 19:43 | Research | Wheelbarrow |
| 19:48 | Build | Outpost |
| 19:51 | Build | House |
| 19:57 | Build | Pasture |
| 19:58 | Build | Pasture |
| 19:59 | Queue | Villager (Male) |
| 20:00 | Queue | Villager (Male) |
| 20:16 | Queue | Villager (Male) |
| 20:16 | Queue | Villager (Male) |
| 20:18 | Build | Pasture |
| 20:27 | Build | House |
| 20:30 | Build | Lumber Camp |
| 20:38 | Queue | Villager (Male) |
| 20:38 | Queue | Villager (Male) |
| 20:52 | Research | Town Watch |
| 20:55 | Build | House |
| 20:59 | Build | Outpost |
| 21:00 | Queue | Villager (Male) |
| 21:00 | Queue | Villager (Male) |
| 21:01 | Queue | Villager (Male) |
| 21:08 | Build | Archery Range |
| 21:18 | Build | Pasture |
| 21:26 | Build | Pasture |
| 21:28 | Queue | Villager (Male) |
| 21:28 | Queue | Villager (Male) |
| 21:29 | Queue | Villager (Male) |
| 21:32 | Build | House |
| 21:33 | Research | Fletching |
| 21:41 | Build | Outpost |
| 21:47 | Queue | Villager (Male) |
| 21:47 | Queue | Villager (Male) |
| 21:47 | Queue | Villager (Male) |
| 21:57 | Build | Archery Range |
| 22:03 | Build | Outpost |
| 22:08 | Queue | Villager (Male) |
| 22:08 | Queue | Villager (Male) |
| 22:09 | Queue | Villager (Male) |
| 22:12 | Build | House |
| 22:14 | Build | Market |
| 22:21 | Research | Bodkin Arrow |
| 22:23 | Build | Pasture |
| 22:37 | Queue | Villager (Male) |
| 22:37 | Queue | Villager (Male) |
| 22:38 | Queue | Villager (Male) |
| 22:46 | Research | Elite Skirmisher (upgrade) |
| 22:59 | Queue | Skirmisher |
| 22:59 | Queue | Skirmisher |
| 23:03 | Queue | Villager (Male) |
| 23:03 | Queue | Villager (Male) |
| 23:07 | Research | Hand Cart |
| 23:13 | Research | Hand Cart |
| 23:14 | Queue | Villager (Male) |
| 23:14 | Queue | Villager (Male) |
| 23:36 | Build | Outpost |
| 23:38 | Queue | Skirmisher |
Build order — JoJo_Baum
First 150 of 455 actions detected
| 0:02 | Research | Loom |
| 0:38 | Queue | Villager (Male) |
| 1:04 | Queue | Villager (Male) |
| 1:05 | Queue | Villager (Male) |
| 1:36 | Queue | Villager (Male) |
| 1:46 | Build | Lumber Camp |
| 1:53 | Queue | Villager (Male) |
| 2:10 | Queue | Villager (Male) |
| 2:10 | Queue | Villager (Male) |
| 2:42 | Queue | Villager (Male) |
| 2:56 | Build | House |
| 2:57 | Build | House |
| 2:58 | Build | House |
| 3:03 | Queue | Villager (Male) |
| 3:03 | Queue | Villager (Male) |
| 3:18 | Queue | Villager (Male) |
| 3:19 | Queue | Villager (Male) |
| 3:38 | Build | House |
| 3:42 | Queue | Villager (Male) |
| 3:42 | Queue | Villager (Male) |
| 4:00 | Build | Palisade Wall |
| 4:02 | Build | Palisade Wall |
| 4:04 | Queue | Villager (Male) |
| 4:04 | Queue | Villager (Male) |
| 4:38 | Build | Mill |
| 4:44 | Queue | Villager (Male) |
| 4:45 | Queue | Villager (Male) |
| 5:22 | Queue | Villager (Male) |
| 5:50 | Queue | Villager (Male) |
| 5:59 | Build | Farm |
| 6:01 | Queue | Villager (Male) |
| 6:14 | Build | Farm |
| 6:18 | Queue | Villager (Male) |
| 6:44 | Build | Mining Camp |
| 7:01 | Queue | Villager (Male) |
| 7:23 | Queue | Villager (Male) |
| 7:54 | Build | Farm |
| 8:12 | Research | Feudal Age |
| 9:34 | Queue | Villager (Male) |
| 9:34 | Queue | Villager (Male) |
| 10:26 | Age | Feudal Age |
| 10:28 | Build | Market |
| 10:30 | Build | Blacksmith |
| 10:47 | Build | Farm |
| 10:52 | Build | Farm |
| 11:07 | Build | Farm |
| 11:10 | Queue | Villager (Male) |
| 11:17 | Build | Farm |
| 11:23 | Build | House |
| 11:24 | Build | House |
| 11:41 | Research | Castle Age |
| 12:15 | Build | House |
| 12:17 | Build | House |
| 12:19 | Research | Double-Bit Axe |
| 12:22 | Research | Horse Collar |
| 12:56 | Queue | Villager (Male) |
| 12:56 | Queue | Villager (Male) |
| 13:28 | Build | Farm |
| 13:30 | Build | Farm |
| 14:21 | Age | Castle Age |
| 14:26 | Build | Town Center |
| 14:36 | Queue | Villager (Male) |
| 14:39 | Build | Town Center |
| 15:03 | Queue | Villager (Male) |
| 15:09 | Research | Bow Saw |
| 15:09 | Research | Bow Saw |
| 15:37 | Queue | Villager (Male) |
| 15:42 | Research | Heavy Plow |
| 15:44 | Queue | Villager (Male) |
| 16:02 | Queue | Villager (Male) |
| 16:02 | Queue | Villager (Male) |
| 16:05 | Build | Farm |
| 16:14 | Queue | Villager (Male) ×5 |
| 16:17 | Build | Farm |
| 16:21 | Build | Farm |
| 16:31 | Build | Farm |
| 16:37 | Build | Farm |
| 16:47 | Build | Farm |
| 16:52 | Queue | Villager (Male) ×2 |
| 17:01 | Build | Lumber Camp |
| 17:14 | Build | Farm |
| 17:15 | Queue | Villager (Male) |
| 17:27 | Build | Farm |
| 17:28 | Queue | Villager (Male) |
| 17:36 | Build | Farm |
| 17:37 | Queue | Villager (Male) |
| 17:46 | Queue | Villager (Male) |
| 17:50 | Build | Lumber Camp |
| 17:56 | Queue | Villager (Male) |
| 17:59 | Build | Farm |
| 18:04 | Build | Farm |
| 18:06 | Queue | Villager (Male) |
| 18:14 | Build | Farm |
| 18:16 | Build | Farm |
| 18:21 | Queue | Villager (Male) ×2 |
| 18:25 | Build | Farm |
| 18:28 | Queue | Villager (Male) |
| 18:32 | Build | Farm |
| 18:38 | Build | Farm |
| 18:40 | Queue | Villager (Male) |
| 18:47 | Queue | Villager (Male) |
| 18:54 | Build | Farm |
| 18:57 | Build | Farm |
| 18:58 | Queue | Villager (Male) |
| 19:00 | Queue | Villager (Male) |
| 19:03 | Build | Farm |
| 19:12 | Build | House |
| 19:13 | Build | House |
| 19:14 | Queue | Villager (Male) ×2 |
| 19:15 | Queue | Villager (Male) ×2 |
| 19:16 | Build | Farm |
| 19:20 | Queue | Villager (Male) |
| 19:24 | Build | Farm |
| 19:31 | Queue | Villager (Male) |
| 19:35 | Queue | Villager (Male) |
| 19:42 | Build | Farm |
| 19:44 | Build | Farm |
| 19:45 | Build | House |
| 19:48 | Build | House |
| 19:49 | Build | House |
| 19:53 | Build | Farm |
| 19:54 | Queue | Villager (Male) ×4 |
| 19:57 | Build | Farm |
| 20:01 | Research | Wheelbarrow |
| 20:03 | Queue | Villager (Male) |
| 20:15 | Build | Farm |
| 20:16 | Queue | Villager (Male) ×3 |
| 20:29 | Build | Mining Camp |
| 20:32 | Build | House |
| 20:33 | Build | House |
| 20:37 | Build | House |
| 20:37 | Build | House |
| 20:47 | Research | Gold Mining |
| 20:52 | Queue | Villager (Male) ×5 |
| 21:04 | Build | University |
| 21:18 | Build | Farm |
| 21:22 | Research | Gold Shaft Mining |
| 21:27 | Queue | Villager (Male) ×5 |
| 21:41 | Build | Castle |
| 21:48 | Research | Stone Mining |
| 21:52 | Research | Stone Mining |
| 21:59 | Build | House |
| 22:00 | Build | House |
| 22:01 | Build | House |
| 22:01 | Build | House |
| 22:08 | Build | Farm |
| 22:23 | Research | Hand Cart |
| 22:31 | Research | Town Watch |
| 22:32 | Queue | Villager (Male) ×5 |
| 23:22 | Build | House |
Match timeline
| 4:00 | JoJo_Baum · wall_segment Palisade Wall x3 |
| 4:02 | JoJo_Baum · wall_segment Palisade Wall x7 |
| 9:09 | vuppE · first_building Barracks |
| 10:26 | JoJo_Baum · age_up feudal |
| 10:56 | vuppE · age_up feudal |
| 10:57 | vuppE · first_building Stable |
| 14:11 | JoJo_Baum · first_market_buy 100 wood |
| 14:21 | JoJo_Baum · age_up castle |
| 14:34 | vuppE · age_up castle |
| 14:37 | vuppE · first_building Monastery |
| 21:08 | vuppE · first_building Archery Range |
| 21:41 | JoJo_Baum · first_building Castle |
| 23:38 | JoJo_Baum · first_building Barracks |
| 24:20 | vuppE · wall_segment Palisade Wall x1 |
| 24:21 | vuppE · wall_segment Palisade Wall x1 |
| 24:22 | vuppE · wall_segment Palisade Wall x1 |
| 27:16 | vuppE · first_building Castle |
| 27:44 | vuppE · first_market_sell 100 wood |
| 27:47 | JoJo_Baum · first_building Stable |
| 28:11 | JoJo_Baum · age_up imperial |
| 29:37 | vuppE · age_up imperial |
| 30:59 | JoJo_Baum · first_market_sell 500 wood |
| 31:17 | vuppE · first_market_buy 100 wood |
| 52:19 | JoJo_Baum · resign |
[ AI ANALYSIS · 1 CREDIT ]
What really happened in this match?
Wolo.gg analyzes every decision: build order, eco, micro, common mistakes by bracket. Personalized analysis on WhatsApp or Discord in 30 seconds.
Civ guide
Khitans
Perfil
Jugador #275144